 Dungeon Crawl Stone Soup version 0.26-a0-707-g31817bcca1 (webtiles) character file.

Game seed: 13245351210278110167

83 Froggeryz the Ruffian (level 4, -4/28 HPs)
             Began as a Gargoyle Monk on Oct 27, 2020.
             Was a Believer of Cheibriados.
             Slain by a small abomination (14 damage)
             ... on level 3 of the Dungeon.
             The game lasted 00:03:00 (3362 turns).

Froggeryz the Ruffian (Gargoyle Monk)               Turns: 3362, Time: 00:03:01

Health: -4/28      AC:  8    Str: 21    XL:     4   Next: 44%
Magic:  4/4        EV: 12    Int: 15    God:    Cheibriados [**....]
Gold:   191        SH:  0    Dex: 17    Spells: 3/3 levels left

rFire    . . .     SeeInvis .     - Unarmed
rCold    . . .     Faith    .   (no shield)
rNeg     + . .     Spirit   .   j - -1 ring mail
rPois    ∞         Reflect  .   p - +0 helmet
rElec    +         Harm     .   (no cloak)
rCorr    .         Rampage  .   (no gloves)
MR       .....                  (no boots)
Stlth    ++........             (no amulet)
HPRegen  0.09/turn              (no ring)
MPRegen  0.09/turn              (no ring)

@: mighty, very slow
A: negative energy resistance 1, electricity resistance, unbreathing,
petrification resistance, rot immunity, AC +3
a: Bend Time, Renounce Religion


You were on level 3 of the Dungeon.
You worshipped Cheibriados.
Cheibriados was pleased with you.
You visited 1 branch of the dungeon, and saw 3 of its levels.

You collected 191 gold pieces.

Inventory:

Missiles
 k - 32 poisoned darts (quivered)
Armour
 j - a -1 ring mail (worn)
 p - a +0 helmet (worn)
Scrolls
 b - a scroll of teleportation {unknown}
 f - a scroll of fear {unknown}
 i - 2 scrolls of remove curse
 m - a scroll of immolation {unknown}
 q - a scroll of blinking
Potions
 c - a potion of lignification
 e - a potion of brilliance
 g - a potion of mutation
 h - 2 potions of flight
 l - a potion of heal wounds {unknown}
 n - a potion of curing {unknown}
 o - a potion of cancellation {unknown}


   Skills:
 - Level 3.2 Fighting
 - Level 1.0 Throwing
 - Level 2.4 Dodging
 - Level 2.1 Stealth
 * Level 4.8 Unarmed Combat
 + Level 0.4 Invocations


You had 3 spell levels left.
You didn't know any spells.
Your spell library was empty.

Dungeon Overview and Level Annotations

Branches:
Dungeon (3/15)

Altars:
Cheibriados
The Shining One

Portals:
Abyss: D:3

Annotations:
D:3 1 transporter, Turbonekonecno's ghost, amateur OpVM


Innate Abilities, Weirdness & Mutations

You are resistant to torment.
Your stone body is resilient. (AC +3)
You are immune to poison.
You resist negative energy. (rN+)
You are resistant to electric shocks. (rElec)
You can survive without breathing.
You are immune to petrification.
You are immune to rotting.


Message History

Your -1 ring mail unmelds from your body.
Found a one-way gate to the infinite horrors of the Abyss.
Throwing (i - inventory)
k - 34 poisoned darts (quivered)
Press: ? - help, Shift-Dir - straight line, f - small abomination
Aim: a small abomination (wandering, hasn't noticed you)
You throw a poisoned dart.
The poisoned dart hits the small abomination.
You feel very mighty all of a sudden.
Throwing (i - inventory)
k - 33 poisoned darts (quivered)
Press: ? - help, Shift-Dir - straight line, f/p - small abomination
Aim: a small abomination You throw a poisoned dart.
The poisoned dart barely misses the small abomination.
Your ring mail prevents you from hitting the small abomination.
The small abomination hits you!
You closely miss the small abomination. You punch the small abomination!
The small abomination is moderately damaged.
The small abomination hits you! x2
Ouch! That really hurt!
You die...

####.## #.## #.....# #..# ####
#.###.####.# #... #.# #..##..#
#... ##########.####.##.##
#... ##.....##......#..#.#
#... #..###....####....#.#
#... ##.##.##..##..####.#.#
#... #.©#(..##.# #@..©#.#.#
#... #..##x..###.x#####.#.#
#.## #...# #..(.∩#####....#
#.## #.#.###.#..##.....#.###
#.##
#.#...#.#g##..........#####...
#.#...#...##..###..#......####
#(...##.#)#©.##W##...####.#
#...##.##.##.##.?##..# #.#
#...# ##. .###^..##..# #.#


You could see a small abomination and a gnoll.

Vanquished Creatures
  2 adders
  An ooze (D:1)
  3 worms
  2 dart slugs
  A leopard gecko (D:3)
  5 giant cockroaches
  8 goblins (D:1)
  3 hobgoblins
  3 jackals (D:3)
  2 kobolds
  A ball python (D:2)
  6 bats
  A frilled lizard (D:1)
  9 rats
47 creatures vanquished.

Notes
Turn   | Place    | Note
-------+----------+-------------------------------------------
     0 | D:1      | Froggeryz the Gargoyle Monk began the quest for the Orb.
     0 | D:1      | Reached XP level 1. HP: 14/14 MP: 1/1
   183 | D:1      | Noticed a big kobold
   183 | D:1      | Noticed a big kobold
   183 | D:1      | Noticed a big kobold
   193 | D:1      | Noticed a big kobold
   283 | D:1      | Reached XP level 2. HP: 19/19 MP: 2/2
   739 | D:1      | Reached skill level 4 in Unarmed Combat
   957 | D:1      | Reached XP level 3. HP: 23/23 MP: 3/3
  1558 | D:2      | Found a snail-covered altar of Cheibriados.
  1659 | D:2      | Became a worshipper of Cheibriados the Contemplative
  1659 | D:2      | Reached * piety under Cheibriados
  1659 | D:2      | Reached ** piety under Cheibriados
  2441 | D:3      | Reached XP level 4. HP: 24/28 MP: 4/4
  2520 | D:3      | Reached skill level 1 in Throwing
  2741 | D:3      | Found a glowing golden altar of the Shining One.
  2841 | D:3      | Found a transporter.
  2858 | D:3      | Found a transporter.
  2863 | D:3      | Noticed a small abomination
  3309 | D:3      | Noticed Turbonekonecno's ghost (amateur OpVM)
  3356 | D:3      | Found a one-way gate to the infinite horrors of the Abyss.
  3362 | D:3      | Slain by a small abomination

Illustrated notes

Levels and vault maps discovered:
D:1:      erik_arrival_cave_to_civilisation [erik_arrival_cave_to_temple],
          layout_loops_ring
D:2:      layout_loops_corners, kennysheep_slug_shrine, minmay_tromino_v2
D:3:      layout_loops_cross, lemuel_coloured_pillars_altar,
          gammafunk_ghost_abyssal_escape

Skill      XL: |  1  2  3  4 |
---------------+-------------+-----
Unarmed Combat | 4 |  4.8
Throwing       | 1 |  1.0
Fighting       | |  3.2
Dodging        | |  2.4
Stealth        | |  2.1
Invocations    | |  0.4

Action                   |  1- 3 |  4- 6 || total
-------------------------+-------+-------++-------
Melee: Unarmed           |   144 |    41 ||   185
       Punch             |     2 |     2 ||     4
Throw: Dart              |       |     2 ||     2
  Use: Scroll            |     1 |     4 ||     5
       Potion            |       |     2 ||     2
 Stab: Sleeping          |     6 |       ||     6
Armor: Robe              |    30 |       ||    30
       Ring mail         |    25 |    19 ||    44
Dodge: Dodged            |    63 |    27 ||    90

Table legend: (Time is in decaauts)
 A = Elapsed time spent in this place.
 B = Non-inter-level travel time spent in this place.
 C = Inter-level travel time spent in this place.
 D = Time resting spent in this place.
 E = Time spent auto-exploring this place.
 F = Levels seen in this place.
 G = Mean time per level.
                   A        B        C        D        E       F      G
               +--------+--------+--------+--------+--------+-----+--------+
         Total |   3964 |   3699 |    265 |    215 |   3046 |   3 | 1321.3 |
       Dungeon |   3964 |   3699 |    265 |    215 |   3046 |   3 | 1321.3 |
               +--------+--------+--------+--------+--------+-----+--------+

Top non-repeatable levels by time:
     D:3: 1474 daAuts
     D:2: 1248 daAuts
     D:1: 1241 daAuts
